 Dungeon Crawl Stone Soup version 0.27.0-1-g7a089689b8 (webtiles) character file.

Game seed: 9099499263164506903

79 EnegeticOcto the Skirmisher (level 4, -7/29 HPs)
             Began as a Gargoyle Fighter on Aug 3, 2021.
             Mangled by a gnoll (9 damage)
             ... on level 2 of the Dungeon.
             The game lasted 00:01:14 (1757 turns).

EnegeticOcto the Skirmisher (Gargoyle Fighter)      Turns: 1757, Time: 00:01:14

Health: -7/29      AC: 10    Str: 20    XL:     4   Next: 38%
Magic:  4/4        EV:  7    Int:  9    God:
Gold:   138        SH:  9    Dex:  9    Spells: 3/3 levels left

rFire    . . .     SeeInvis .   a - +0 war axe
rCold    + . .     Faith    .   c - +0 kite shield
rNeg     + . .     Spirit   .   b - +0 scale mail
rPois    ∞         Reflect  .   (no helmet)
rElec    +         Harm     .   (no cloak)
rCorr    .         Rampage  .   (no gloves)
Will     .....                  (no boots)
Stlth    ..........             (no amulet)
HPRegen  0.09/turn              h - ring of protection from cold
MPRegen  0.09/turn              (no ring)

@: no status effects
A: sickness immunity, AC +3, negative energy resistance 1, electricity
resistance, torment resistance 1, petrification resistance
a: no special abilities


You were on level 2 of the Dungeon.
You visited 1 branch of the dungeon, and saw 3 of its levels.

You collected 138 gold pieces.

Inventory:

Hand Weapons
 a - a +0 war axe (weapon)
Armour
 b - a +0 scale mail (worn)
 c - a +0 kite shield (worn)
Jewellery
 h - a ring of protection from cold (left hand)
   (You found it on level 1 of the Dungeon)
Wands
 g - a wand of flame (7) {@v4}
   (You took it off Jessica on level 2 of the Dungeon)
Scrolls
 e - 4 scrolls of identify {unknown}
 f - 2 scrolls of vulnerability {unknown}
 i - a scroll of noise {unknown}
 j - a scroll of summoning {unknown}
 n - 2 scrolls of enchant weapon {unknown}
 o - a scroll of fog {unknown}
Potions
 d - a potion of might {@q3 !q}
 k - a potion of lignification {unknown}
 l - a potion of heal wounds {unknown}
 m - a potion of flight {unknown}
 p - a potion of cancellation {unknown}


   Skills:
 + Level 4.0 Fighting
 * Level 3.1 Axes
 - Level 3.2 Armour
 + Level 3.9 Shields


You had 3 spell levels left.
You didn't know any spells.
Your spell library contained the following spells:

 Spells                   Type           Power      Damage    Failure   Level
 Beastly Appendage        Tmut           0%         N/A       99%         1
 Shock                    Conj/Air       0%         1d3       99%         1
 Wereblood                Tmut           0%         N/A       100%        2
 Spider Form              Tmut/Pois      0%         N/A       100%        3


Dungeon Overview and Level Annotations

Branches:
Dungeon (3/15)

Altars:
Fedhas
Gozag


Innate Abilities, Weirdness & Mutations

You are immune to sickness and miasma.
Your stone body is resilient. (AC +3)
You are immune to poison.
You resist negative energy. (rN+)
You are resistant to electric shocks. (rElec)
You are resistant to unholy torment.
You are immune to petrification.


Message History

You slash the worm!
You kill the worm!
No target in view!
No target in view!
No target in view!
No target in view!
No target in view!
You now have 112 gold pieces (gained 6).
You see here a worm corpse.
A worm comes into view.
A worm is nearby!
A worm is nearby!
A worm is nearby!
Found 13 gold pieces.
You hit the worm.
The worm is moderately wounded.
You block the worm's attack.
You hit the worm.
The worm is moderately wounded.
The worm bites you.
You slash the worm!
You kill the worm!
No target in view!
No target in view!
No target in view!
No target in view!
No target in view!
No target in view!
You now have 125 gold pieces (gained 13).
You now have 138 gold pieces (gained 13).
Found a club.
You see here a +0 club.
p - an amethyst potion You see here a +0 club.
Found an escape hatch in the ceiling.
n - 2 scrolls labelled QAASET IHIG (gained 1)
There is an escape hatch in the ceiling here.
A gnoll comes into view. It is wielding a +2 vorpal halberd.
The gnoll shouts!
You hear a shout!
A gnoll comes into view. It is wielding a +0 flail.
A bat comes into view.
A gnoll comes into view. It is wielding a +0 whip.
A gnoll comes into view. It is wielding a +0 whip.
The gnoll shouts! x2
You block the gnoll's attack.
You hit the gnoll.
The gnoll is lightly wounded.
The gnoll hits you but does no damage.
You closely miss the gnoll. The gnoll hits you but does no damage.
You block the gnoll's attack.
The gnoll hits you from afar with a +2 vorpal halberd!
You are too injured to fight recklessly!
You are too injured to fight recklessly!
You are too injured to fight recklessly!
You are too injured to fight recklessly!
You are too injured to fight recklessly!
You are too injured to fight recklessly!
You are too injured to fight recklessly!
You are too injured to fight recklessly!
You are too injured to fight recklessly!
You are too injured to fight recklessly!
You are too injured to fight recklessly!
You are too injured to fight recklessly!
You are too injured to fight recklessly!
You are too injured to fight recklessly!
You are too injured to fight recklessly!
You are too injured to fight recklessly!
You are too injured to fight recklessly!
You are too injured to fight recklessly!
You are too injured to fight recklessly!
There is a stone staircase leading up here.
The gnoll hits you with a +0 flail!
* * * LOW HITPOINT WARNING * * *
You climb upwards.
There is a stone staircase leading down here.
You are too injured to fight recklessly!
You are too injured to fight recklessly!
You are too injured to fight recklessly!
You are too injured to fight recklessly!
You are too injured to fight recklessly!
You are too injured to fight recklessly!
You are too injured to fight recklessly!
You are too injured to fight recklessly!
There is a stone staircase leading down here.
Things that are here:
3 stones; a +0 whip
Things that are here:
3 stones; a +0 whip You closely miss the gnoll.
The gnoll barely misses you. The gnoll hits you with a +0 flail.
* * * LOW HITPOINT WARNING * * *
Your scale mail prevents you from hitting the gnoll.
You block the gnoll's attack.
Your shield prevents you from hitting the gnoll.
The gnoll hits you with a +0 flail.
* * * LOW HITPOINT WARNING * * *
The gnoll hits you but does no damage.
You closely miss the gnoll. The gnoll barely misses you.
The gnoll hits you with a +0 flail!
You die...

...≈⌠≈.......[..###.####
...≈≈...##......#...#
..........#..#....### ########
..........#..#>..######......#
.............#.......##......#
...<.......#.................#
.#...#..##.#.......###.......#
....##.......(####..##.......#
.##..<.........g@.....#......#
....#...##...####.....###...##
.#####.........###....# ##..#
..........##[#...#....# ####
#####...#.#..###.#....#
#........## #.######
###.......#####.##
##...###...(.##...#######
...### ##..#............##
######


You could see a gnoll.

Vanquished Creatures
  Jessica (D:2)
  An adder zombie (D:3)
  3 worms
  A dart slug (D:1)
  An orc (D:3)
  A bat (D:3)
  4 endoplasms (D:1)
  A giant cockroach (D:2)
  4 goblins
  6 hobgoblins
  2 kobolds
  2 quokkas
  2 ball pythons
  A frilled lizard (D:2)
  7 rats (D:1)
37 creatures vanquished.

Vanquished Creatures (others)
  A fungus (D:1)
  A plant (D:1)
2 creatures vanquished.

Grand Total: 39 creatures vanquished

Notes
Turn   | Place    | Note
-------+----------+-------------------------------------------
     0 | D:1      | EnegeticOcto the Gargoyle Fighter began the quest for the
                  | Orb.
     0 | D:1      | Reached XP level 1. HP: 14/14 MP: 1/1
    83 | D:1      | Reached skill level 2 in Axes
   140 | D:1      | Reached XP level 2. HP: 19/19 MP: 2/2
   213 | D:1      | Found a faded altar of an unknown god.
   217 | D:1      | Got Plato's Grimoire of Attacks
   460 | D:1      | Reached XP level 3. HP: 23/23 MP: 3/3
   589 | D:2      | Noticed Jessica
   594 | D:2      | HP: 1/24 [Jessica (6)]
   597 | D:2      | Killed Jessica
   882 | D:2      | Reached XP level 4. HP: 29/29 MP: 4/4
   950 | D:2      | Reached skill level 3 in Axes
  1268 | D:3      | Found an opulent altar of Gozag.
  1286 | D:3      | Found a blossoming altar of Fedhas.
  1358 | D:3      | Reached skill level 4 in Fighting
  1756 | D:2      | HP: 1/29 [gnoll (5)]
  1757 | D:2      | Mangled by a gnoll

Illustrated notes

Levels and vault maps discovered:
D:1:      heliophobic_arrival_henge, layout_rooms,
          shapermc_ecumenical_altar_rom_forum, hex_intersection,
          minmay_misc_feat_more_columns
D:2:      layout_rooms, corexii_leaking_fountain, minmay_misc_feat_plants,
          uniq_jessica
D:3:      minmay_razor_zed, layout_loops_corners, lemuel_coloured_pillars_altar,
          mainiacjoe_overflow_concentric_impassable, fedhas_ov_isle_minmay,
          nicolae_overflow_hidden_temple, serial_shops, shop,
          nrook_loot_triangle, minmay_randomly_rotated_circles,
          uniq_crazy_yiuf_cottage

Skill      XL: |  1  2  3  4 |
---------------+-------------+-----
Axes           | 2 3 |  3.1
Fighting       | 4 |  4.0
Armour         | |  3.2
Shields        | |  3.9

Action                   |  1- 3 |  4- 6 || total
-------------------------+-------+-------++-------
Melee: War axe           |    57 |    42 ||    99
  Use: Potion            |     1 |       ||     1
Armor: Scale mail        |    25 |    23 ||    48
Dodge: Dodged            |    12 |     9 ||    21
Block: Kite shield       |    29 |    28 ||    57
